 Dungeon Crawl Stone Soup version 0.17-a0-1718-g72dbe4d (console) character file.

466586 utis the Warrior (level 23, -4/184 HPs)
             Began as a Mummy Fire Elementalist on Aug 26, 2015.
             Was the Champion of Sif Muna.
             Slain by a caustic shrike (7 damage)
             ... on level 4 of the Depths.
             The game lasted 09:11:55 (111662 turns).

utis the Warrior (Mummy Fire Elementalist)        Turns: 111662, Time: 09:11:56

Health: -4/184     AC:  4    Str: 14    XL:     23   Next: 46%
Magic:  2/41       EV: 22    Int: 23    God:    Sif Muna [******]
Gold:   3207       SH:  5    Dex: 14    Spells: 13 memorised, 0 levels left

rFire  . . .     SeeInvis .     b - +3 demon whip (elec)
rCold  . . .     Clarity  .     w - +2 robe {Archmagi}
rNeg   + + +     SustAt   .     R - +0 buckler
rPois  ∞         Gourm    .     I - +2 helmet
rElec  .         Spirit   .     r - +2 cloak
rCorr  +         Warding  .     t - +2 pair of gloves {Str+3}
rMut   .         Stasis   .     o - +2 pair of boots
MR     ++...                    F - amulet of resist corrosion
Stlth  ++++......               B - ring of fire
                                Q - ring of wizardry {=R}

@: corroded equipment, very slightly contaminated, hasted, repel missiles, very
quick, very resistant to hostile enchantments, stealthy
A: no food or potions, fire vulnerability, cold resistance 1, negative energy
resistance 3, torment resistance, unbreathing, in touch with death 1, restore
body
a: Self-Restoration, Channel Energy, Forget Spell, Renounce Religion
}: 2/15 runes: barnacled, gossamer


You were on level 4 of the Depths.
You worshipped Sif Muna.
Sif Muna was exalted by your worship.
You were not hungry.

You visited 8 branches of the dungeon, and saw 44 of its levels.
You visited the Abyss 1 time.
You also visited: Labyrinth and Bailey.

You collected 4488 gold pieces.
You spent 1281 gold pieces at shops.

Inventory:

Hand weapons
 b - a +3 demon whip of electrocution (weapon)
 c - a +6 blowgun
Missiles
 A - 23 curare-tipped needles {=f}
 J - 5 poisoned needles
 X - 72 javelins (quivered)
Armour
 o - a +2 pair of boots (worn)
 r - a +2 cloak (worn)
 t - a +2 pair of gloves of strength (worn)
 w - a +2 robe of the Archmagi (worn)
 I - a +2 helmet (worn)
 R - a +0 buckler (worn)
Magical staves
 a - an uncursed staff of fire
Rods
 q - a +4 iron rod (12/12)
   (You took it off a minotaur in a labyrinth)
 Z - a +2 lightning rod (9/9)
   (You found it in a labyrinth)
Jewellery
 f - an uncursed amulet of warding
 g - an uncursed ring of stealth
 k - an uncursed amulet of clarity
 m - an uncursed ring of invisibility
 n - an uncursed ring of see invisible
 p - the amulet "Utab" {Ward rN+ Str+4, =f}
   (You took it off a centaur on level 1 of the Shoals)

   [amulet of warding]

   It may prevent the melee attacks of summoned creatures.
   It affects your strength (+4).
   It protects you from negative energy.
 v - an uncursed ring of ice
 y - an uncursed ring of flight
 B - a ring of fire (right hand)
 C - an uncursed ring of sustain attributes
 F - an amulet of resist corrosion (around neck)
 M - an uncursed amulet of regeneration
 O - an uncursed amulet of resist mutation
 Q - a ring of wizardry (left hand) {=R}
 W - an uncursed ring of protection from fire
Magical devices
 d - a wand of disintegration (9)
 u - a wand of slowing (29)
 x - a wand of confusion (24)
 z - a wand of fire (5)
 L - a wand of teleportation (4)
 N - a wand of lightning (10)
 S - a wand of fireball (4)
 T - a wand of digging (14)
Scrolls
 e - 2 scrolls of magic mapping
 i - 12 scrolls of remove curse
 j - 5 scrolls of teleportation {!r}
 s - 5 scrolls of fog
 D - 9 scrolls of recharging
 H - 23 scrolls of identify
 P - 2 scrolls of torment {!r}
 Y - a scroll of fear {!r}
Miscellaneous
 h - a lantern of shadows
 l - a phial of floods
 E - a stone of tremors
 G - a box of beasts {used: 1}
 V - a box of beasts


   Skills:
 - Level 16.1 Fighting
 - Level 4.4(8.3) Maces & Flails
 - Level 10.8(11.1) Staves
 + Level 15.9 Dodging
 - Level 10.0 Stealth
 - Level 5.1 Shields
 - Level 14.8 Spellcasting
 - Level 10.1 Conjurations
 - Level 7.1 Charms
 - Level 14.3 Fire Magic
 - Level 10.1 Invocations
 - Level 10.0 Evocations


You couldn't memorise any spells.
You knew the following spells:

 Your Spells              Type           Power        Failure   Level  Hunger
a - Iskenderun's Mystic   Conj           #######.     1%          4    N/A
d - Conjure Flame         Conj/Fire      ########     1%          3    N/A
e - Fireball              Conj/Fire      ########..   1%          5    N/A
q - Orb of Destruction    Conj           #######...   26%         7    N/A
r - Repel Missiles        Chrm/Air       ######       1%          2    N/A
s - Swiftness             Chrm/Air       ######..     1%          2    N/A
A - Apportation           Tloc           ####......   1%          1    N/A
B - Bolt of Fire          Conj/Fire      ########..   1%          6    N/A
D - Delayed Fireball      Conj/Fire      N/A          10%         7    N/A
F - Ring of Flames        Chrm/Fire      #######...   17%         7    N/A
H - Haste                 Chrm           ######..     14%         6    N/A
Y - Animate Skeleton      Necr           N/A          1%          1    N/A
Z - Iskenderun's Battles  Conj/Chrm      ######..     1%          5    N/A

Dungeon Overview and Level Annotations

Branches:
Dungeon (15/15)            Temple (1/1) D:7            Lair (8/8) D:10
 Shoals (4/4) Lair:6       Spider (4/4) Lair:4        Slime (0/6) Lair:6
    Orc (4/4) D:10            Elf (0/3) Orc:4        Vaults (4/5) D:13
  Crypt (0/3) Vaults:3     Depths (4/5) D:15

Altars:
Ashenzari
Cheibriados
Dithmenos
Elyvilon
Fedhas
Gozag
Kikubaaqudgha
Makhleb
Nemelex Xobeh
Okawaru
Qazlal
Ru
Sif Muna
Trog
Vehumet
Xom
Yredelemnul
Zin
The Shining One
Beogh
Lugonu

Shops:
Orc:4 (:}(   Vaults:1 (

Portals:
Hell: Depths:1 Depths:2 Depths:3 Depths:4
Abyss: Depths:4
Pandemonium: Depths:1 Depths:3 Depths:4
Ziggurat: Depths:1
Trove: D:15 (give +4 gold dragon armour)

Annotations:
Vaults:1 exclusion: 3 doors


Innate Abilities, Weirdness & Mutations

You do not eat or drink.
Your flesh is vulnerable to fire.
You are immune to poison.
Your flesh is cold resistant.
You are immune to negative energy.
You are immune to unholy pain and torment.
You can survive without breathing.
You are in touch with the powers of death.
You can restore your body by infusing magical energy.


Message History

The caustic shrike is severely wounded.
The caustic shrike claws you!!
* * * LOW HITPOINT WARNING * * *
You are splashed with acid!
The acid burns!
You resist.
* * * LOW HITPOINT WARNING * * *
Unknown command.
Read which item? (? for menu, Esc to quit)
Really read
Y - 2 scrolls of fear {!r}?
As you read the scroll of fear {!r}, it crumbles to dust.
You assume a fearsome visage.
The caustic shrike resists with almost no effort.
The caustic shrike claws you!!
* * * LOW HITPOINT WARNING * * *
You are splashed with acid!
The acid corrodes you!
The acid burns!
You resist.
* * * LOW HITPOINT WARNING * * *
Read which item? (? for menu, Esc to quit)
As you read the scroll of summoning, it crumbles to dust.
Wisps of shadow whirl around you... The caustic shrike barely misses you.
The caustic shrike claws you!
You die...

▓.▓.▓§..§...▓ ▓▓≈≈.≈.≈▓
..▓....§§...▓ ▓≈.≈▓ ▓▓≈≈..≈.≈▓
............▓ ▓≈.≈▓ ▓▓≈≈..≈≈.≈▓
............▓ ▓≈.≈▓ ▓▓≈≈..≈≈..≈▓
............▓▓▓≈.≈▓▓▓▓≈≈➘.≈≈..≈≈▓
............▓≈≈≈.≈≈≈≈≈≈..≈≈..≈≈▓▓
............▓≈..........≈≈..≈≈▓▓▓
............▓≈.≈D≈≈≈≈≈≈≈≈..≈≈▓▓ ▓
............▓≈.≈MD.)......≈≈▓▓ ▓
............▓≈.≈b≈≈≈≈≈≈≈≈≈≈▓▓ ▓
..).........▓≈.≈.≈▓▓▓▓▓▓▓▓▓▓ ▓
............▓≈.≈.≈≈▓▓ ▓
............▓≈.≈..≈≈▓▓ ▓
▓...........▓≈.≈≈..≈≈▓▓ ▓
▓...........▓≈..≈≈..≈≈▓ ▓
▓...........▓≈≈..≈≈..≈≈≈≈≈≈ ▓
▓...........▓▓≈≈..≈≈....... ▓


You could see a caustic shrike, a friendly fire dragon and a friendly ice
dragon.

Vanquished Creatures
  A caustic shrike (Depths:3)
  A golden dragon (Depths:3)
  Nikola (Shoals:1)
  2 liches
  2 tentacled monstrosities
  Asterion (Depths:2)
  2 krakens
  2 octopode crushers
  6 sphinxes
  Agnes (D:15)
  A shadow dragon (Depths:3)
  Kirke (D:13)
  5 fire giants
  4 tengu reavers
  A storm dragon (shapeshifter) (Vaults:2)
  Ilsuiw (Shoals:4)
  A revenant (Vaults:3)
  Wiglaf (Depths:1)
  A storm dragon (Depths:4)
  5 ghost moths
  2 deep elf sorcerers
  10 frost giants
  A cacodemon (Depths:4)
  Aizul (Shoals:1)
  5 emperor scorpions
  11 vault wardens
  14 ironheart preservers
  14 very ugly things
  2 orc warlords (Orc:4)
  16 stone giants
  2 war gargoyles
  2 spriggan defenders (Depths:4)
  4 vampire knights
  Nessos (Lair:6)
  A salamander stormcaller (Vaults:4)
  9 merfolk javelineers
  7 vault guards
  A deep elf death mage (Vaults:3)
  16 merfolk impalers
  A minotaur (Lab)
  9 fire dragons
  11 ettins
  Josephine (D:12)
  3 jiangshi (Depths:1)
  10 yaktaur captains
  6 rakshasas
  5 entropy weavers
  8 hydras
  Fannar (Lair:1)
  9 great orbs of eyes
  6 ice dragons
  A hell beast (Depths:2)
  3 spriggan air magi
  6 merfolk avatars
  18 ogre magi
  Erica (Lair:2)
  7 merfolk aquamancers
  An alligator snapping turtle (Shoals:4)
  A catoblepas (D:13)
  Erolcha (D:13)
  13 centaur warriors
  A deep troll shaman (Depths:4)
  2 satyrs
  4 tengu warriors
  6 deep troll earth magi
  16 death yaks
  7 orc high priests (Orc:4)
  3 vampire magi
  5 spriggan berserkers
  2 deep elf knights
  A storm dragon zombie (Depths:2)
  A shock serpent (shapeshifter) (D:14)
  5 skeletal warriors (Vaults:2)
  A shadow wraith (Vaults:3)
  An iron troll (Depths:2)
  9 deep trolls
  6 giant orange brains
  An ice devil (Depths:4)
  6 hell knights
  A salamander mystic (Depths:2)
  A gelid demonspawn (Depths:3)
  2 flayed ghosts
  2 deep elf summoners
  17 sea snakes
  A shadow demon (Depths:3)
  4 wizards
  9 hill giants
  Pikel (D:4)
  3 unseen horrors
  A torturous demonspawn (Depths:4)
  3 phantasmal warriors
  3 deep elf conjurers
  5 necromancers
  3 salamanders (Depths:2)
  38 wolf spiders
  An oklob plant (Lair:8)
  14 harpies
  22 ironbrand convokers
  A frost giant zombie (Depths:2)
  17 orc knights
  A sphinx skeleton (Depths:2)
  11 griffons
  10 water nymphs
  14 orb spiders
  14 manticores
  10 orc sorcerers
  83 ugly things
  A moth of wrath (Spider:4)
  5 hornets
  9 cyclopes
  4 fauns
  A sixfirhy (Depths:4)
  A stone giant skeleton (Depths:2)
  Maurice (Orc:2)
  An eye of devastation (shapeshifter) (Depths:3)
  4 rust devils
  33 elephants
  10 black mambas
  4 torpor snails
  A black mamba (shapeshifter) (Vaults:3)
  7 sirens
  28 spiny frogs
  A gargoyle (D:13)
  An orange demon (Depths:2)
  An efreet (D:13)
  3 human zombies (Vaults:4)
  18 vault sentinels
  A spiny frog (shapeshifter) (D:13)
  68 yaktaurs
  7 centaur skeletons
  16 demonic crawlers
  A redback zombie (D:11)
  A red devil (Depths:2)
  6 tengu conjurers
  5 fire drakes
  8 komodo dragons
  8 kobold demonologists
  A yaktaur (shapeshifter) (Vaults:4)
  2 blue devils
  3 harpy zombies (Shoals:3)
  47 merfolk
  36 jumping spiders
  2 deep elf priests
  6 freezing wraiths
  3 wind drakes
  5 trolls
  A queen bee (Spider:2)
  28 blink frogs
  33 two-headed ogres
  A trapdoor spider zombie (D:14)
  32 slime creatures
  14 snapping turtles
  12 boulder beetles
  A tarantella (shapeshifter) (Depths:3)
  A shadow (D:13)
  74 redbacks
  3 air elementals (Depths:4)
  4 spriggans
  A spriggan skeleton (Depths:2)
  23 tarantellas
  4 wyverns
  2 ynoxinuls
  A trapdoor spider (shapeshifter) (Depths:4)
  A hill giant zombie (D:10)
  6 deep elf magi
  5 wraiths
  26 water elementals
  12 deep elf fighters
  A centaur simulacrum (D:13)
  16 trapdoor spiders
  39 yaks
  A human (shapeshifter) (D:13)
  27 hippogriffs
  3 hogs (D:13)
  A steam dragon (D:9)
  20 wargs
  A hungry ghost (D:15)
  6 basilisks
  12 wolves
  A yaktaur simulacrum (Vaults:4)
  A hog (shapeshifter) (Vaults:1)
  10 vampire mosquitoes
  2 mottled dragons
  A wolf (shapeshifter) (Depths:2)
  7 hell hounds
  7 ice beasts
  5 wasps
  13 water moccasins
  4 phantoms
  3 black bears
  69 ogres
  49 spiders
  17 porcupines
  A trapdoor spider simulacrum (D:15)
  61 orc warriors
  2 slaves (D:4)
  36 centaurs
  3 eyes of draining
  23 crocodiles
  5 sky beasts
  A brain worm (shapeshifter) (Vaults:4)
  35 giant frogs
  12 big kobolds
  A gnoll sergeant (D:5)
  3 scorpions
  29 killer bees
  2 wyvern skeletons (D:11)
  A water moccasin skeleton (D:5)
  3 troll zombies (D:10)
  A hippogriff zombie (Shoals:3)
  3 electric eels (D:9)
  5 wights
  6 centaur zombies
  2 giant frog zombies
  17 crimson imps
  39 orc priests
  4 hounds
  A quasit (Depths:4)
  5 jellies
  27 orc wizards
  16 worker ants
  5 giant frog skeletons
  10 iguanas
  A boulder beetle simulacrum (Vaults:1)
  21 sheep
  4 ogre zombies (D:10)
  A hound zombie (D:9)
  Robin (D:2)
  76 river rats
  23 adders
  3 gnolls (D:5)
  5 shadow imps
  3 white imps
  2 oozes
  2 adder zombies
  2 worms
  9 giant geckos
  330 orcs
  5 giant cockroaches
  17 goblins
  10 hobgoblins
  4 quokkas
  2 ball pythons
  12 bats
  A giant gecko skeleton (D:5)
  6 giant newts
  A goblin zombie (D:10)
  4 hobgoblin zombies (D:10)
  19 jackals
  51 kobolds
  4 orc skeletons (D:10)
  16 orc zombies (D:10)
  A quokka skeleton (D:6)
  A quokka zombie (D:9)
  10 rats
  A bush (Lair:6)
  5 fungi
  7 plants
  2 tentacles
2632 creatures vanquished.

Vanquished Creatures (others)
  2 fire giants
  An entropy weaver (Spider:3)
  An ogre (Depths:3)
  An orc (Orc:4)
  A bush (Lair:7)
  54 fungi
  70 plants
  9 tentacles
  89 tentacle segments
228 creatures vanquished.

Grand Total: 2860 creatures vanquished

Notes
Turn   | Place    | Note
--------------------------------------------------------------
     0 | D:1      | utis the Mummy Fire Elementalist began the quest for the Orb.
     0 | D:1      | Reached XP level 1. HP: 13/13 MP: 3/3
    35 | D:1      | Reached skill level 1 in Conjurations
   118 | D:1      | oh
   272 | D:1      | Reached XP level 2. HP: 19/19 MP: 5/5
  1344 | D:1      | Reached XP level 3. HP: 24/24 MP: 6/6
  2135 | D:2      | Reached XP level 4. HP: 27/30 MP: 3/7
  2520 | D:2      | Reached skill level 1 in Fighting
  2869 | D:2      | Noticed Robin
  4091 | D:2      | Learned a level 3 spell: Conjure Flame
  4743 | D:2      | Reached skill level 3 in Fire Magic
  4826 | D:2      | Reached XP level 5. HP: 38/38 MP: 8/8
  5499 | D:2      | Killed Robin
  5573 | D:2      | Learned a level 2 spell: Throw Flame
  5863 | D:3      | Noticed an ice beast
  5893 | D:3      | Killed an ice beast
  5893 | D:3      | Reached XP level 6. HP: 37/44 MP: 0/10
  6111 | D:2      | huh?
  6675 | D:4      | Found a blossoming altar of Fedhas.
  6677 | D:4      | Found an ancient bone altar of Kikubaaqudgha.
  6986 | D:4      | Noticed Pikel
  7212 | D:3      | Learned a level 4 spell: Sticky Flame
  7675 | D:4      | Killed Pikel
  7675 | D:4      | Reached skill level 4 in Conjurations
  7675 | D:4      | Reached XP level 7. HP: 47/50 MP: 1/12
  8095 | D:5      | Entered Level 5 of the Dungeon
  8315 | D:4      | Reached skill level 5 in Fire Magic
  8471 | D:5      | Reached XP level 8. HP: 56/56 MP: 8/14
  8518 | D:5      | Learned a level 5 spell: Fireball
  8549 | D:5      | Reached skill level 5 in Conjurations
  9938 | D:5      | Found a sparkling altar of Nemelex Xobeh.
  9939 | D:5      | Found an opulent altar of Gozag.
  9986 | D:5      | Found an iron altar of Okawaru.
  9986 | D:5      | Found a burning altar of Makhleb.
  9988 | D:5      | Found a shattered altar of Ashenzari.
 11765 | D:7      | Reached XP level 9. HP: 15/65 MP: 3/15
 11778 | D:7      | my
 12307 | D:7      | Found a staircase to the Ecumenical Temple.
 12380 | Temple   | Entered the Ecumenical Temple
 12551 | Temple   | Became a worshipper of Sif Muna the Loreminder
 13196 | D:7      | Found a sparkling altar of Nemelex Xobeh.
 13253 | D:7      | Reached skill level 5 in Dodging
 13614 | D:7      | Reached skill level 6 in Dodging
 15297 | D:7      | Noticed an orc sorcerer
 15314 | D:7      | Killed an orc sorcerer
 15314 | D:7      | Reached XP level 10. HP: 59/72 MP: 13/17
 15475 | D:7      | Acquired Sif Muna's first power
 15475 | D:7      | Reached skill level 5 in Spellcasting
 15916 | D:7      | Reached skill level 1 in Invocations
 16536 | D:7      | Noticed an orc knight
 18086 | D:7      | Noticed a five-headed hydra
 18965 | D:7      | Found a sparkling altar of Nemelex Xobeh.
 19106 | D:7      | Found a staircase to the Ecumenical Temple.
 19199 | D:7      | Killed an orc knight
 19199 | D:7      | Reached skill level 7 in Conjurations
 19696 | D:8      | Acquired Sif Muna's second power
 20280 | D:8      | Found a snail-covered altar of Cheibriados.
 20800 | D:8      | Learned a level 3 spell: Inner Flame
 20880 | D:8      | Reached XP level 11. HP: 77/77 MP: 14/19
 23424 | D:10     | Entered Level 10 of the Dungeon
 23481 | D:10     | Reached skill level 5 in Fighting
 25112 | D:10     | Found a staircase to the Orcish Mines.
 25395 | D:10     | Found a staircase to the Lair.
 25439 | D:10     | Reached skill level 8 in Dodging
 25661 | D:10     | Learned a level 3 spell: Ignite Poison
 25815 | Lair:1   | Entered Level 1 of the Lair of Beasts
 25965 | Lair:1   | Found a labyrinth entrance.
 25970 | Lab      | Entered a labyrinth
 26162 | Lab      | Noticed a minotaur
 26184 | Lab      | Killed a minotaur
 26278 | Lab      | Got an iridescent morningstar
 26368 | Lab      | Identified the +5 morningstar of the Land of Plenty {flame, rPois Int+4 Dex+3 Stlth+} (You found it in a labyrinth)
 26525 | Lair:1   | Reached skill level 1 in Maces & Flails
 26646 | Lair:1   | Noticed Fannar
 26656 | Lair:1   | Killed Fannar
 26656 | Lair:1   | Reached XP level 12. HP: 91/91 MP: 0/20
 27057 | Lair:1   | Noticed a seven-headed hydra
 27090 | Lair:1   | Killed a seven-headed hydra
 27993 | Lair:1   | Reached skill level 5 in Stealth
 28798 | Lair:2   | Noticed Erica
 28839 | Lair:2   | Killed Erica
 29016 | Lair:2   | Reached skill level 9 in Fighting
 29601 | Lair:2   | Identified a scroll of acquirement
 29786 | Lair:3   | Noticed a five-headed hydra
 29805 | Lair:3   | Killed a five-headed hydra
 29954 | Lair:3   | Reached skill level 10 in Fighting
 30858 | Lair:3   | Gained mutation: You are in touch with the powers of death. [Mummy growth]
 30858 | Lair:3   | Gained mutation: You can restore your body by infusing magical energy. [Mummy growth]
 30858 | Lair:3   | Reached XP level 13. HP: 103/103 MP: 18/24
 30878 | Lair:3   | Learned a level 6 spell: Bolt of Fire
 31163 | Lair:4   | Found a hole to the Spider Nest.
 31646 | Lair:4   | Acquired Sif Muna's third power
 32327 | Lair:4   | Learned a level 7 spell: Delayed Fireball
 33306 | Lair:5   | Found an iron altar of Okawaru.
 34169 | Lair:6   | Found a staircase to the Shoals.
 34454 | Lair:6   | Found a staircase to the Slime Pits.
 34514 | Lair:6   | Received a gift from Sif Muna
 34596 | Lair:5   | Reached XP level 14. HP: 41/110 MP: 1/26
 34764 | Lair:5   | Reached skill level 10 in Conjurations
 35117 | Lair:6   | Noticed Nessos
 35134 | Lair:6   | Killed Nessos
 35134 | Lair:6   | Reached skill level 10 in Fire Magic
 35408 | Lair:6   | Learned a level 1 spell: Apportation
 35979 | Lair:6   | Reached skill level 10 in Spellcasting
 36172 | Lair:6   | Found a staircase to the Slime Pits.
 36429 | Lair:6   | Found a staircase to the Shoals.
 36584 | Lair:6   | Learned a level 1 spell: Animate Skeleton
 36684 | Lair:6   | Found a staircase to the Slime Pits.
 36742 | Lair:6   | Found a staircase to the Shoals.
 37562 | Lair:7   | Received a gift from Sif Muna
 37700 | Lair:7   | Reached skill level 11 in Spellcasting
 37746 | Lair:7   | Learned a level 7 spell: Ring of Flames
 37764 | Lair:7   | Reached skill level 1 in Charms
 38663 | Lair:8   | Entered Level 8 of the Lair of Beasts
 39163 | Lair:8   | Reached skill level 1 in Evocations
 39624 | Lair:8   | Reached XP level 15. HP: 115/115 MP: 23/30
 40886 | D:11     | Reached skill level 5 in Evocations
 42552 | D:12     | Noticed Josephine
 42554 | D:12     | Killed Josephine
 43084 | D:13     | Reached skill level 10 in Dodging
 43152 | D:13     | Noticed Erolcha
 43157 | D:13     | Killed Erolcha
 44028 | D:13     | Found a gate to the Vaults.
 44069 | D:13     | Noticed Kirke
 44081 | D:13     | Killed Kirke
 45606 | D:14     | Reached skill level 1 in Staves
 46157 | D:13     | Learned a level 4 spell: Iskenderun's Mystic Blast
 46187 | D:15     | Entered Level 15 of the Dungeon
 46303 | D:15     | Noticed Agnes
 46306 | D:15     | Killed Agnes
 46306 | D:15     | Reached XP level 16. HP: 122/122 MP: 18/31
 46566 | D:15     | Received a gift from Sif Muna
 46567 | D:15     | Identified Sif Muna's Disquisition on Evil Confrontation (Sif Muna gifted it to you on level 15 of the Dungeon)
 46880 | D:15     | Found a staircase to the Depths.
 47423 | D:15     | Found a sparkling altar of Nemelex Xobeh.
 47766 | D:15     | Found a portal to a secret trove of treasure.
 48108 | Spider:1 | Entered Level 1 of the Spider Nest
 49695 | Spider:2 | Reached skill level 5 in Staves
 50814 | Spider:2 | Found a roughly hewn altar of Beogh.
 50834 | Spider:2 | Got a twisted ring mail
 50863 | Spider:2 | Identified the +4 ring mail of Xuifom {+Inv Int+3} (You found it on level 2 of the Spider Nest)
 52693 | Shoals:1 | Entered Level 1 of the Shoals
 52725 | Shoals:1 | You fall through a shaft!
 53413 | Shoals:1 | Reached XP level 17. HP: 109/128 MP: 13/32
 53463 | Shoals:1 | Noticed Nikola
 54208 | Shoals:1 | Noticed Aizul
 54215 | Shoals:1 | Killed Aizul
 54340 | Shoals:1 | Reached skill level 12 in Fire Magic
 54362 | Shoals:1 | Got a vibrating garnet amulet {=f}
 54364 | Shoals:1 | Identified the amulet "Utab" {Ward rN+ Str+4, =f} (You took it off a centaur on level 1 of the Shoals)
 54635 | Shoals:1 | Killed Nikola
 58767 | Shoals:2 | Received a gift from Sif Muna
 58886 | Shoals:2 | Learned a level 2 spell: Repel Missiles
 60081 | Shoals:3 | Reached skill level 10 in Evocations
 60569 | Spider:4 | Entered Level 4 of the Spider Nest
 61694 | Spider:4 | Reached XP level 18. HP: 134/134 MP: 14/33
 62056 | Spider:3 | HP: 5/134 [redback (8)]
 62480 | Spider:4 | Reached skill level 10 in Staves
 65009 | Spider:4 | Got a gossamer rune of Zot
 65585 | Vaults:1 | Entered Level 1 of the Vaults
 65597 | Vaults:1 | Found Huso's Antique Weapon Shop.
 67033 | Vaults:1 | Identified Uqyrhumu's Compendium of Intoxication (You found it on level 1 of the Vaults)
 67159 | Vaults:1 | Reached skill level 13 in Dodging
 67429 | Vaults:1 | Got a faintly glowing robe
 69410 | Vaults:1 | Reached XP level 19. HP: 144/146 MP: 5/34
 69956 | Orc:1    | Entered Level 1 of the Orcish Mines
 69956 | Orc:1    | Found a flagged portal.
 69981 | Bailey   | Entered a bailey
 70598 | Bailey   | Identified the cursed +1 robe of Sif Muna's Castigation {Dex+3} (You took it off a deep elf knight on level 1 of the Vaults)
 71291 | Orc:2    | Noticed Maurice
 71292 | Orc:2    | Killed Maurice
 71533 | Orc:2    | Found a radiant altar of Vehumet.
 71996 | Orc:3    | Reached skill level 5 in Charms
 72391 | Orc:4    | Entered Level 4 of the Orcish Mines
 74424 | Orc:4    | Found Hufia's Antique Weapon Emporium.
 74495 | Orc:4    | Found a roughly hewn altar of Beogh.
 74697 | Orc:4    | Found Iwiroantu's Book Shoppe.
 75136 | Orc:4    | Found a staircase to the Elven Halls.
 75453 | Orc:4    | Found a roughly hewn altar of Beogh.
 75654 | Orc:4    | Found Ikkohuup's Gadget Emporium.
 75739 | Orc:4    | Found Inkehotesh's Antique Weapon Shoppe.
 77669 | Vaults:2 | Reached skill level 10 in Stealth
 78496 | Orc:4    | Bought the Grimoire of Weightlessness for 649 gold pieces
 78496 | Orc:4    | Bought the Handbook of Damaging Good Luck for 632 gold pieces
 78499 | Orc:4    | Learned a level 2 spell: Swiftness
 79406 | Vaults:2 | Cast into the Abyss (an ogre mage)
 79633 | Abyss:1  | Found a corrupted altar of Lugonu.
 79749 | Abyss:2  | Noticed a bone dragon
 79794 | Abyss:2  | Noticed a bone dragon
 80037 | Abyss:2  | Found a corrupted altar of Lugonu.
 80363 | Vaults:2 | Escaped the Abyss
 80460 | Vaults:2 | Got an ichor-stained leather armour
 80535 | Vaults:2 | Identified the cursed +0 leather armour of Puigapn {rN+ SInv} (You found it on level 2 of the Vaults)
 80986 | Vaults:2 | Received a gift from Sif Muna
 80986 | Vaults:2 | Reached skill level 14 in Fire Magic
 80997 | Vaults:2 | Identified Sif Muna's Catalogue of Confrontation and the Compass (Sif Muna gifted it to you on level 2 of the Vaults)
 81273 | Vaults:2 | Reached XP level 20. HP: 148/153 MP: 28/35
 82734 | Vaults:3 | Found a staircase to the Crypt.
 84118 | Vaults:3 | Received a gift from Sif Muna
 84314 | Vaults:2 | Learned a level 5 spell: Iskenderun's Battlesphere
 86679 | Vaults:4 | Received a gift from Sif Muna
 86687 | Vaults:4 | Identified Sif Muna's Guide on Attacks (Sif Muna gifted it to you on level 4 of the Vaults)
 86696 | Vaults:4 | Got an ichor-stained plate armour
 86961 | Vaults:4 | Identified the cursed +1 plate armour "Anuydois" {Dex+5} (You found it on level 4 of the Vaults)
 87506 | Vaults:4 | Learned a level 6 spell: Haste
 87916 | Vaults:4 | Paralysed by an ogre mage for 4 turns
 87927 | Vaults:4 | Reached XP level 21. HP: 57/159 MP: 10/39
 88311 | Vaults:4 | Got a crystal short sword
 89181 | Shoals:4 | Entered Level 4 of the Shoals
 89711 | Shoals:4 | Reached skill level 5 in Invocations
 91226 | Shoals:4 | Identified the +8 short sword of the Feather {flame, rC++} (You found it on level 4 of the Vaults)
 91593 | Shoals:4 | Noticed Ilsuiw
 92402 | Shoals:4 | Killed Ilsuiw
 92475 | Shoals:4 | Found a shimmering altar of Xom.
 92757 | Shoals:4 | Got a barnacled rune of Zot
 93417 | Depths:1 | Entered Level 1 of the Depths
 93480 | Depths:1 | Found a gateway to Hell.
 94775 | Depths:1 | Noticed Wiglaf
 95176 | Depths:1 | Found a shattered altar of Ashenzari.
 95424 | Depths:1 | Got an ancient hunting sling
 95425 | Depths:1 | Identified the +3 hunting sling of Insufficient Pleasure {speed, Dex+5 Stlth-} (You found it on level 1 of the Depths)
 95470 | Depths:1 | Found a one-way gate leading to the halls of Pandemonium.
 95515 | Depths:1 | Found a gateway to a ziggurat.
 95922 | Depths:1 | Got a crystal quarterstaff
 95940 | Depths:1 | Killed Wiglaf
 96781 | Depths:1 | Identified the +1 quarterstaff of Nobest {elec, +Rage} (You took it off a spriggan air mage on level 1 of the Depths)
 96916 | Depths:1 | Reached skill level 1 in Shields
 98113 | Depths:2 | Reached XP level 22. HP: 173/173 MP: 23/40
 98575 | Depths:2 | Reached skill level 5 in Shields
 98808 | Depths:2 | Noticed Asterion
 98830 | Depths:2 | Killed Asterion
 99619 | Depths:2 | Found a runed door.
 99623 | Depths:2 | Reached skill level 15 in Fighting
102184 | Depths:2 | Reached skill level 16 in Fighting
105026 | Depths:3 | Reached skill level 10 in Invocations
105965 | Depths:3 | Learned a level 5 spell: Bolt of Magma
107854 | Depths:4 | Reached XP level 23. HP: 85/184 MP: 13/41
109481 | Spider:1 | Reached skill level 15 in Dodging
109508 | Spider:1 | Learned a level 7 spell: Orb of Destruction
110708 | Depths:4 | Found a corrupted altar of Lugonu.
110708 | Depths:4 | Found a one-way gate to the infinite horrors of the Abyss.
111661 | Depths:4 | HP: 7/184 [caustic shrike (23)]
111661 | Depths:4 | HP: 3/184 [acid (4)]
111662 | Depths:4 | Slain by a caustic shrike

Vault maps used:
D:1:      dpeg_arrival_court
D:2:      uniq_robin
D:4:      grunt_temple_overflow_growth_and_decay, uniq_pikel
D:5:      nicolae_overflow_hidden_temple, first_bread, serial_bayou,
          serial_bayou_pond_b, serial_bayou_shore_b, serial_bayou_pond_d,
          serial_bayou_lagoon_b, serial_bayou_ford_a, serial_bayou_lagoon_a,
          minmay_misc_feat_ornament
D:6:      nicolae_whirlpool
D:7:      lemuel_castle_with_subvaults, minmay_temple_entry_nine_rooms,
          nemelex_deck
D:8:      blue_anna_alchemist, minivault_23, cheibriados_altar_1
D:9:      serial_bayou, serial_bayou_shore_b, serial_bayou_pond_e,
          serial_bayou_crossing, serial_bayou_pond_b
D:10:     minmay_lair_entry_grove, zombieorc2_lemuel
D:11:     minmay_misc_feat_chi
D:12:     minivault_11, minmay_stone_trees_medium, lemuel_old_faithful,
          uniq_josephine
D:13:     david_vaults_5, uniq_erolcha, uniq_kirke
D:14:     minmay_nine_imps
D:15:     hangedman_depths_entry_civil_slaughter, basic_altar, enter_trove_5,
          minmay_unpleasant_kobolds, uniq_agnes
Temple:   triangle_lava_temple_12
Lair:1:   lab_entry_generic, beast_lair_carwin_5, grunt_megastairs_2,
          bh_autumn_forest_stairs, uniq_fannar
Lair:2:   minmay_holes, uniq_erica
Lair:3:   minmay_hedge_maze, wad_woods_road_03, st_stairs_8
Lair:4:   forest_paths, nicolae_spider_entry_orb_guardian
Lair:5:   basic_altar
Lair:6:   minmay_shoals_entry_beasts, slime_dummy, uniq_nessos
Lair:8:   hangedman_lair_caniforms_friends, grunt_megastairs_3
Shoals:1: uniq_aizul, uniq_nikola
Shoals:3: nicolae_shoals_undead_eyrie
Shoals:4: shoals_end_hangedman, shoals_ilsuiw_alternative, lemuel_centaur_altar
Spider:2: nicolae_spider_mines_2, spider_trap, nicolae_looking_at_the_future
Spider:3: nicolae_spider_cling_ruins
Spider:4: grunt_spider_rune_island
Orc:1:    enter_bailey_2
Orc:2:    basic_altar, uniq_maurice
Orc:3:    nicolae_orc_pool_cavern
Orc:4:    pubby_orc_utopia
Vaults:1: v_misc_25, v_misc_19, vaults_room_large_hall,
          vaults_room_stairs_pillars, nicolae_vaults_shelves_hall,
          ontoclasm_vaults_ligature, nicolae_vaults_quadrants,
          vaults_room_stairs_pillars, nicolae_vaults_asterisk,
          grunt_vaults_hallway_short, serial_shops, nicolae_shop_trees
Vaults:2: v_misc_4, nicolae_vaults_big_ls, vaults_room_hangedman_quadrants,
          nicolae_vaults_diagonal_hallway_7, vaults_room_fours,
          nicolae_vaults_stairing_the_circle, v_rooms_2
Vaults:3: v_pattern_1, hangedman_vaults_nodes, ontoclasm_vaults_gateway,
          vaults_mumra_minichess, minmay_crypt_entry_simple_walls,
          hangedman_vaults_stitches, grunt_vaults_trifunnel,
          vaults_standard_mumra_enter_the_diamond
Vaults:4: v_misc_11, ontoclasm_vaults_misaligned, ontoclasm_vaults_ring_small,
          nicolae_vaults_circle_grid_b, hangedman_vaults_stretched_pinwheel,
          nicolae_vaults_gold_heap, st_octagons_2, hangedman_vaults_slice,
          v_misc_5, ontoclasm_vaults_fault, ontoclasm_vaults_claustrophobia,
          v_misc_11, v_misc_27, vaults_dpeg_diagonal, vaults_dpeg_cross,
          ontoclasm_vaults_spin
Depths:1: cross_vault, enter_ziggurat_b, roderic_lattice_octagonal_star,
          hangedman_tar_grid_catacomb, pan_entry, minmay_misc_feat_tiny,
          nicolae_ashenzari_panopticon, uniq_wiglaf
Depths:2: mludivico_vault, grunt_mini_vestibule,
          hangedman_abyss_or_decor_clamps, corexii_leaking_fountain,
          serial_bayou_shore_b, serial_bayou_shore_a, uniq_asterion
Depths:3: minmay_bad_star, grunt_hell_entry_dis_old, hangedman_glass_teeth,
          rand_demon_pan_entry_9, grunt_ministairs_2, minivault_12,
          serial_bayou_shore_b
Depths:4: evilmike_lava_path, kennysheep_flooded_box, grunt_pan_entry_zigzag,
          hell_entry, abyss_entry_flame_altar, infiniplex_staircase_zigzag_1,
          serial_bayou_shore_b
Abyss:1:  hangedman_abyss_shoalhut
Abyss:2:  hangedman_shadowy_showcase, hangedman_decor_points,
          guppyfry_abyss_exit_imp_island
Abyss:3:  minivault_23
Lab:      labyrinth_spiral, labyrinth_skeletal_remains
Bailey:   bailey_polearm_1, bailey

Action                   |  1- 3 |  4- 6 |  7- 9 | 10-12 | 13-15 | 16-18 | 19-21 | 22-24 || total
-------------------------+-------+-------+-------+-------+-------+-------+-------+-------++-------
Melee: Spear             |   113 |   181 |   428 |   149 |       |       |       |       ||   871
       Trident           |       |       |    13 |   141 |       |       |       |       ||   154
       Mace              |       |       |    10 |   218 |       |       |       |       ||   228
       Morningstar       |       |       |       |    89 |   229 |       |       |       ||   318
       Demon whip        |       |       |       |    63 |   494 |   251 |    54 |   238 ||  1100
       Staff             |       |       |       |       |    30 |   461 |  1290 |   153 ||  1934
 Fire: Hunting sling     |       |       |     6 |    49 |       |       |       |       ||    55
       Blowgun           |       |       |       |       |    48 |    19 |     7 |       ||    74
Throw: Stone             |    36 |   101 |    59 |       |       |       |       |       ||   196
       Tomahawk          |       |       |    23 |   118 |   122 |    16 |       |       ||   279
       Javelin           |       |       |       |       |       |     2 |   143 |    15 ||   160
 Cast: Flame Tongue      |    18 |   102 |    33 |    14 |       |       |       |       ||   167
       Conjure Flame     |       |     1 |    41 |    91 |    24 |     1 |       |       ||   158
       Sticky Flame      |       |       |    21 |   139 |   129 |   112 |    29 |     8 ||   438
       Throw Flame       |       |       |     7 |    10 |     2 |       |       |       ||    19
       Fireball          |       |       |       |    50 |    56 |    41 |    56 |    25 ||   228
       Bolt of Fire      |       |       |       |       |   305 |   607 |   574 |   244 ||  1730
       Inner Flame       |       |       |       |       |     6 |       |       |       ||     6
       Delayed Fireball  |       |       |       |       |    13 |    17 |    47 |    16 ||    93
       Ignite Poison     |       |       |       |       |     8 |     1 |       |       ||     9
       Apportation       |       |       |       |       |     3 |     1 |     1 |       ||     5
       Iskenderun's Myst |       |       |       |       |       |    23 |    30 |    67 ||   120
       Repel Missiles    |       |       |       |       |       |     1 |    16 |     5 ||    22
       Ring of Flames    |       |       |       |       |       |       |    22 |    21 ||    43
       Iskenderun's Batt |       |       |       |       |       |       |     8 |    22 ||    30
       Haste             |       |       |       |       |       |       |     6 |    19 ||    25
       Swiftness         |       |       |       |       |       |       |     1 |     3 ||     4
       Bolt of Magma     |       |       |       |       |       |       |       |    27 ||    27
       Orb of Destructio |       |       |       |       |       |       |       |     4 ||     4
Invok: Channel Energy    |       |       |       |   218 |  1209 |  1883 |  1546 |   834 ||  5690
 Abil: Release Delayed F |       |       |       |       |    13 |    17 |    47 |    16 ||    93
       Evoke Flight      |       |       |       |       |       |       |     2 |       ||     2
Evoke: Wand              |       |       |       |     2 |     3 |     1 |     2 |       ||     8
       Crystal ball of e |       |       |       |       |       |     1 |    29 |       ||    30
       Box of beasts     |       |       |       |       |       |       |     1 |       ||     1
  Use: Scroll            |     3 |       |     7 |    15 |    10 |    14 |    13 |     6 ||    68
 Stab: Sleeping          |     2 |     1 |     1 |       |     4 |       |     5 |       ||    13
       Distracted        |       |       |       |       |     2 |     2 |       |     2 ||     6
